 Dungeon Crawl Stone Soup version 0.29-a0-234-g0dae59b3db (webtiles) character file.

Game seed: 8641184494850139901

82 Hubjo the Sneak (level 4, -3/32 HPs)
             Began as a Vampire Enchanter on Mar 2, 2022.
             Succumbed to an orc's poison
             ... on level 3 of the Dungeon.
             The game lasted 00:02:47 (1806 turns).

Hubjo the Sneak (Vampire Enchanter)                 Turns: 1806, Time: 00:02:48

Health: -3/32      AC:  4    Str:  7    XL:     4   Next: 21%
Magic:  7/7        EV: 13    Int: 17    God:
Gold:   165        SH:  0    Dex: 16    Spells: 1/7 levels left

rFire   . . .      SeeInvis +   a - +1 dagger
rCold   . . .      Faith    .   (no shield)
rNeg    . . .      Spirit   .   b - +0 robe
rPois   .          Reflect  .   (no helmet)
rElec   .          Harm     .   (no cloak)
rCorr   .          Rampage  .   (no gloves)
Will    .....                   (no boots)
Stlth   +++.......              (no amulet)
HPRegen 0.30/turn               (no ring)
MPRegen 0.10/turn               (no ring)

@: lethally poisoned (-3 -> -22), attractive, healing quickly
A: alive, fangs 3, see invisible, vampiric 2, iridescent scales 1
a: Exsanguinate


You were on level 3 of the Dungeon.
You visited 1 branch of the dungeon, and saw 3 of its levels.

You collected 165 gold pieces.

Inventory:

Hand Weapons
 a - a +1 dagger (weapon)
Armour
 b - a +0 robe (worn)
Scrolls
 d - a scroll of magic mapping {unknown}
 f - a scroll of vulnerability {unknown}
 g - a scroll of fear
 i - a scroll of enchant weapon
 j - a scroll of torment {unknown}
 k - a scroll of identify
Potions
 c - a potion of invisibility
 e - a potion of might {unknown}
 h - a potion of attraction
 l - a potion of heal wounds {unknown}


   Skills:
 * Level 1.5 Fighting
 + Level 1.7 Short Blades
 + Level 2.7 Dodging
 * Level 5.6 Stealth
 - Level 2.0 Spellcasting
 + Level 5.1 Hexes


You had one spell level left.
You knew the following spells:

 Your Spells              Type           Power      Damage    Failure   Level
a - Tukima's Dance        Hex            19%        N/A       7%          3
b - Dazzling Flash        Conj/Hex       20%        N/A       21%         3

Your spell library contained the following spells:

 Spells                   Type           Power      Damage    Failure   Level
 Magic Dart               Conj           4%         1d3       19%         1
 Confusing Touch          Hex            19%        N/A       7%          3
 Ensorcelled Hibernation  Hex/Ice        20%        N/A       11%         2
 Call Imp                 Summ           1%         N/A       28%         2
 Ignite Poison            Fire/Tmut/Pois 1%         N/A       50%         3
 Mephitic Cloud           Conj/Pois/Air  1%         N/A       50%         3
 Passage of Golubria      Tloc           1%         N/A       88%         4
 Yara's Violent Unravell  Hex/Tmut       5%         3d4       88%         5
 Freezing Cloud           Conj/Ice/Air   0%         6-21      99%         5


Dungeon Overview and Level Annotations

Branches:
Dungeon (3/15)

Altars:


Innate Abilities, Weirdness & Mutations

Your natural rate of healing is accelerated.
You have razor-sharp teeth.
You have supernaturally acute eyesight. (SInv)
You are afflicted with vampirism and can become a bat while bloodless.
You are partially covered in iridescent scales. (AC +2)


Message History

An orc priest comes into view. It is wielding a +0 hand axe.
An orc comes into view. It is wielding a +0 flail.
The orc shouts!
The orc priest shouts!
The orc misses you.
You hit the orc but do no damage.
The orc hits you with a +2 dagger of venom.
You are poisoned.
An orc comes into view. It is wielding a +0 short sword.
The orc shouts!
You hit the orc.
The orc is moderately wounded.
You feel sick.
The orc hits you with a +2 dagger of venom.
You hit the orc.
The orc is heavily wounded.
You feel sick.
The orc hits you with a +2 dagger of venom.
You are more poisoned.
An orc comes into view. It is wielding a +0 flail.
The orc priest closely misses you.
You feel very sick.
The orc shouts!
You hit the orc but do no damage.
The orc is heavily wounded.
You feel sick.
The orc hits you with a +2 dagger of venom.
You are lethally poisoned!
You closely miss the orc. Your bite misses the orc.
The orc is heavily wounded.
* * * LOW HITPOINT WARNING * * *
You feel very sick. The orc hits you but does no damage.
You are more poisoned.
You hit the orc.
You kill the orc!
* * * LOW HITPOINT WARNING * * *
You feel very sick.
It was a potion of attraction.
You feel attractive to monsters.
You die...

#########
#.......#
#.#####.#
##########.# #.#
....oooo@..# #.#
.......#########.#
.#####. .........#
## ########.# #
#.#.# ########.#.#
#..>....#..#
#.######.### #.#
#.# #####+


You could see an orc priest and 3 orcs.

Vanquished Creatures
  4 adders
  3 dart slugs (D:2)
  An orc (D:3)
  5 ball pythons
  6 bats
  An endoplasm (D:1)
  3 hobgoblins
  3 kobolds
  10 frilled lizards
  4 goblins (D:1)
  4 rats (D:2)
44 creatures vanquished.

Notes
Turn   | Place    | Note
-------+----------+-------------------------------------------
     0 | D:1      | Hubjo the Vampire Enchanter began the quest for the Orb.
     0 | D:1      | Reached XP level 1. HP: 13/13 MP: 3/3
     4 | D:1      | Found a faded altar of an unknown god.
   180 | D:1      | Reached XP level 2. HP: 18/20 MP: 5/5
   593 | D:1      | Gained mutation: You are partially covered in iridescent
                  | scales. (AC +2) [potion of mutation]
   670 | D:2      | Reached skill level 5 in Stealth
   755 | D:2      | Reached skill level 1 in Fighting
   766 | D:2      | Gained mutation: You are afflicted with vampirism and can
                  | become a bat while bloodless. [Vampire growth]
   766 | D:2      | Reached XP level 3. HP: 26/26 MP: 6/6
   770 | D:2      | Learned a level 3 spell: Tukima's Dance
   774 | D:2      | Learned a level 3 spell: Dazzling Flash
  1262 | D:2      | Reached skill level 5 in Hexes
  1671 | D:3      | Reached XP level 4. HP: 27/32 MP: 7/7
  1805 | D:3      | HP: 1/32 [poisoned by an orc]
  1806 | D:3      | Succumbed to an orc's poison

Illustrated notes

Levels and vault maps discovered:
D:1:      dpeg_arrival_tiny_a, layout_rooms, ebering_ecumenical_altar_rust,
          st_stairs_13
D:2:      layout_loops_corners, minmay_lizard_pond
D:3:      layout_loops_ring, serial_rivers, chequers_serial_rivers_micro_c,
          chequers_serial_rivers_room_a, chequers_serial_rivers_room_b,
          chequers_serial_rivers_room_a, chequers_serial_rivers_micro_a,
          chequers_serial_rivers_room_b

Skill      XL: |  1  2  3 |
---------------+----------+-----
Stealth        | 5 |  5.6
Fighting       | 1 |  1.5
Hexes          | 5 |  5.1
Short Blades   | |  1.7
Dodging        | |  2.7
Spellcasting   | |  2.0

Action                   |  1- 3 |  4- 6 || total
-------------------------+-------+-------++-------
Melee: Dagger            |   130 |     9 ||   139
       Bite              |     7 |     1 ||     8
  Use: Scroll            |     3 |       ||     3
       Potion            |     1 |     1 ||     2
 Stab: Sleeping          |     7 |     1 ||     8
Armor: Robe              |    30 |     1 ||    31
Dodge: Dodged            |    94 |     2 ||    96

Table legend: (Time is in decaauts)
 A = Elapsed time spent in this place.
 B = Non-inter-level travel time spent in this place.
 C = Inter-level travel time spent in this place.
 D = Time resting spent in this place.
 E = Time spent auto-exploring this place.
 F = Levels seen in this place.
 G = Mean time per level.
                   A        B        C        D        E       F      G
               +--------+--------+--------+--------+--------+-----+--------+
         Total |   1796 |   1694 |    102 |      0 |   1334 |   3 |  598.7 |
       Dungeon |   1796 |   1694 |    102 |      0 |   1334 |   3 |  598.7 |
               +--------+--------+--------+--------+--------+-----+--------+

Top non-repeatable levels by time:
     D:2: 989 daAuts
     D:1: 596 daAuts
     D:3: 210 daAuts
